 Dungeon Crawl Stone Soup version 0.30-a0-756-gc2185399d4 (webtiles) character file.

Game seed: 9207461507590689144

10817 Leeroy the Carver (level 11, -16/56 HPs)
             Began as a Vine Stalker Warper on Feb 9, 2023.
             Was a Follower of Uskayaw.
             Demolished by a bog body (25 damage)
             ... on level 2 of the Lair of Beasts.
             The game lasted 00:12:22 (8975 turns).

Leeroy the Carver (Vine Stalker Warper)             Turns: 8975, Time: 00:12:22

Health: -16/56     AC:  6    Str: 20    XL:     11   Next: 68%
Magic:  0/15       EV: 16    Int: 13    God:    Uskayaw [*.....]
Gold:   843        SH:  0    Dex: 18    Spells: 4/14 levels left

rFire   . . .      SeeInvis +    h - +2 falchion (venom)
rCold   . . .      Faith    .    (no shield)
rNeg    . . .      Spirit   +    Q - +0 steam dragon scales
rPois   .          Reflect  .    (no helmet)
rElec   +          Harm     .    T - +0 cloak
rCorr   .          Rampage  .    (no gloves)
Will    +....                    (no boots)
Stlth   ++                       s - amulet of regeneration
HPRegen 1.89/turn                q - ring of the Leaping Ancients {rElec Str+6 Slay+2 SInv}
MPRegen 0.14/turn                (no ring)

@: slowed, very slow
A: fangs 3, regeneration 1, magic shield, antimagic bite, no potion heal 2
a: Renounce Religion, Stomp


You were on level 2 of the Lair of Beasts.
You worshipped Uskayaw.
Uskayaw was noncommittal.
You visited 3 branches of the dungeon, and saw 13 of its levels.

You collected 843 gold pieces.

Inventory:

Hand Weapons
 a - a +0 falchion
 h - a +2 falchion of venom (weapon)
 i - a +2 short sword of flaming
 r - a +4 spear
 P - a +0 long sword
 S - a +1 dagger of draining
 Y - a +0 dagger of freezing
Missiles
 d - 6 boomerangs of dispersal
 t - 7 poisoned darts
 v - 8 boomerangs
 W - 4 javelins
Armour
 b - a +0 leather armour
 y - a +0 buckler of poison resistance
 C - an orb of mayhem
 Q - +0 steam dragon scales (worn)
 T - a +0 cloak (worn)
Magical Staves
 f - a staff of air
Jewellery
 q - the ring of the Leaping Ancients (left hand) {rElec Str+6 Slay+2 SInv}
   (You found it on level 2 of the Dungeon)

   [ring of strength]

   Str:       It affects your strength (+6).
   Slay:      It affects your accuracy & damage with ranged weapons and melee
   (+2).
   rElec:     It insulates you from electricity.
   SInv:      It lets you see invisible.
 s - an amulet of regeneration (around neck)
 D - an amulet of the acrobat
 U - a +6 ring of intelligence
Wands
 F - a wand of flame (28)
 I - a wand of paralysis (8) (quivered)
 J - a wand of light (13)
Scrolls
 c - a scroll of blinking
 l - 3 scrolls of noise
 m - 4 scrolls of enchant armour
 o - 3 scrolls of immolation
 u - 7 scrolls of teleportation
 w - 2 scrolls of amnesia
 A - a scroll of magic mapping
 E - a scroll of brand weapon
 L - 2 scrolls of poison
 M - a scroll of enchant weapon
 N - a scroll of butterflies
 R - a scroll of fear {unknown}
 V - a scroll of fog {unknown}
 X - a scroll of silence {unknown}
Potions
 e - a potion of brilliance {unknown}
 j - 3 potions of lignification {unknown}
 k - 2 potions of degeneration {unknown}
 n - 3 potions of flight {unknown}
 p - 3 potions of attraction {unknown}
 x - 2 potions of invisibility {unknown}
 z - 5 potions of curing {unknown}
 B - a potion of heal wounds {unknown}
 G - a potion of mutation {unknown}
 H - a potion of haste {unknown}
 K - a potion of magic {unknown}
 O - a potion of might {unknown}
 Z - 2 potions of cancellation {unknown}


   Skills:
 - Level 6.1 Fighting
 + Level 13.6 Long Blades
 - Level 0.8 Throwing
 - Level 0.7 Armour
 - Level 7.1 Dodging
 - Level 2.1 Spellcasting
 - Level 3.0 Translocations


You had 4 spell levels left.
You knew the following spells:

 Your Spells              Type           Power      Damage    Failure   Level
a - Blink                 Tloc           18%        N/A       11%         2
b - Vhi's Electric Charg  Tloc/Air       10%        N/A       38%         3
c - Ensorcelled Hibernat  Hex/Ice        2%         N/A       36%         2
d - Swiftness             Air            1%         N/A       58%         3

Your spell library contained the following spells:

 Spells                   Type           Power      Damage    Failure   Level
 Lesser Beckoning         Tloc           18%        N/A       11%         2
 Teleport Other           Tloc           9%         N/A       22%         3
 Necrotise                Necr           4%         1d4       26%         1
 Passwall                 Tmut/Erth      0%         N/A       36%         2
 Static Discharge         Conj/Air       2%         2-3/arc   36%         2
 Vampiric Draining        Necr           1%         2d6       58%         3
 Manifold Assault         Tloc           9%         N/A       58%         4
 Olgreb's Toxic Radiance  Pois           1%         N/A       94%         4
 Agony                    Necr           1%         N/A       100%        5
 Arcjolt                  Conj/Air       0%         1d10      100%        5
 Lightning Bolt           Conj/Air       0%         1d11      100%        5
 Ozocubu's Refrigeration  Ice            0%         4d7       100%        7
 Ignition                 Fire           0%         3d3       100%        8


Dungeon Overview and Level Annotations

Branches:
Dungeon (10/15)            Temple (1/1) D:4            Lair (2/5) D:9
  Swamp (0/4) Lair:2
  Snake: Lair:2-3    Spider: Lair:2-3       Orc: D:9-12

Altars:
Ashenzari
Cheibriados
Dithmenos
Elyvilon
Fedhas
Gozag
Hepliaklqana
Kikubaaqudgha
Makhleb
Nemelex Xobeh
Okawaru
Qazlal
Ru
Sif Muna
Trog
Uskayaw
Vehumet
Wu Jian
Xom
Yredelemnul
Zin
The Shining One

Shops:
D:7 ?   D:9 (

Portals:
Ice
Cave: Lair:2

Annotations:
D:8 2 transporters, Crownlay's ghost, novice GnNe


Innate Abilities, Weirdness & Mutations

You have razor-sharp teeth.
Your natural rate of healing is unusually fast.
When hurt, damage is shared between your health and your magic reserves.
Your bite disrupts and absorbs the magic of your enemies.
Potions cannot restore your health.


Message History

Your damage rating with your +2 short sword of flaming is about 11 (Base 5 x 120% (Dex) x 128% (Skill) + 4 (Ench + Slay)).
Your base attributes are Str 14, Int 13, Dex 18.
Your +2 short sword of flaming stops flaming.
Your +2 falchion of venom begins to drip with poison!
h - a +2 falchion of venom (weapon)
You hear the faint crackling of a melting archway nearby.
Magic restored.
You see here a komodo dragon corpse.
Found a halberd.
Found a stone staircase leading down.
No target in view!
Found a stone staircase leading down.
You see here a +0 halberd.
A bog body comes into view.
Found a staircase to the Swamp.
The bog body points at you and mumbles some strange words.
You feel yourself slow down.
Aiming: Paralyse
Press: ? - help, Shift-Dir - straight line, f - bog body
Aim: a bog body (chance to affect: 31%)
The bog body easily resists.
The bog body points at you and mumbles some strange words.
The bolt of cold hits you!!
Aiming: Paralyse
Press: ? - help, Shift-Dir - straight line, f/p - bog body
Aim: a bog body (chance to affect: 31%)
The bog body easily resists.
Aiming: Paralyse
Press: ? - help, Shift-Dir - straight line, f/p - bog body
Aim: a bog body (chance to affect: 31%)
The bog body easily resists.
You hit the bog body. Your bite misses the bog body.
The bog body is lightly damaged.
The bog body touches you! The bog body freezes you!!
You hit the bog body. Your bite misses the bog body.
The bog body is lightly damaged.
The bog body touches you!
* * * LOW HITPOINT WARNING * * *
The bog body freezes you!!
You die...

*,,* #.## **,** *,** ##.P# **,***
*,* #P..# *,,,,* *,* ##.## ***,**
**,* ##.# *,,* *,,* #..## **,,*
,,,** ##..# *,,,** **,,* ##nP#
***,,** *.>** ##.@## *,,,,* *#.,*
##...### *******,,* #.**
#.#.#..###.,,* *,,* ##.*
#######..)....>..,*****+***
.[.####.##.##..........,*,**,,,,*
#.....†...............#,,,,+,,,,,
##.#.######.#..........****,,,,,*
##..## ###........#P* **,,,,,
#...## #.>......#** **,,,,*


You could see a bog body.

Vanquished Creatures
  A two-headed ogre (D:8)
  Maurice (D:8)
  5 elephants (Lair:1)
  A kobold demonologist (D:9)
  A cane toad (Lair:1)
  An unseen horror (D:10)
  2 komodo dragons
  A troll (D:9)
  2 wyverns
  13 yaks (D:9)
  3 steam dragons
  5 water moccasins
  A black bear (D:6)
  4 ice beasts
  5 orc warriors
  2 ogres
  6 wolves
  A centaur (D:10)
  A kobold brigand (D:9)
  6 bullfrogs
  3 necrophages
  4 scorpions (D:5)
  2 cane toad simulacra (Lair:2)
  A wight (D:7)
  2 vampire bats (Lair:2)
  An electric eel (D:9)
  2 howler monkeys (D:8)
  A jelly (D:7)
  6 orc priests (D:9)
  A gnoll bouda (D:4)
  3 hounds (D:9)
  4 iguanas
  Jessica (D:3)
  6 orc wizards
  4 gnolls
  4 adders
  A white imp (D:5)
  2 ufetubi
  A worm (D:3)
  8 dart slugs
  17 orcs
  7 bats
  2 endoplasms
  6 giant cockroaches
  6 hobgoblins
  4 jackals (D:4)
  3 quokkas
  6 ball pythons
  2 frilled lizards
  5 goblins
  8 kobolds
  2 rats
187 creatures vanquished.

Vanquished Creatures (others)
  A scorpion (D:7)
  An orc (D:6)
  6 fungi
  10 plants
18 creatures vanquished.

Grand Total: 205 creatures vanquished

Notes
Turn   | Place    | Note
-------+----------+-------------------------------------------
     0 | D:1      | Leeroy the Vine Stalker Warper began the quest for the Orb.
     0 | D:1      | Reached XP level 1. HP: 11/11 MP: 4/4
    59 | D:1      | Reached skill level 2 in Long Blades
   140 | D:1      | Reached XP level 2. HP: 14/15 MP: 6/6
   715 | D:1      | Reached skill level 3 in Long Blades
   784 | D:2      | Reached XP level 3. HP: 18/18 MP: 7/7
   874 | D:2      | Learned a level 2 spell: Blink
   878 | D:2      | Learned a level 3 spell: Vhi's Electric Charge
  1190 | D:2      | Identified the ring of the Leaping Ancients {rElec Str+6
                  | Slay+2 SInv}
  1319 | D:3      | Gained mutation: Your natural rate of healing is unusually
                  | fast. [Vine Stalker growth]
  1319 | D:3      | Reached XP level 4. HP: 20/23 MP: 6/8
  1695 | D:3      | Found a glowing golden altar of the Shining One.
  1736 | D:3      | Learned a level 2 spell: Ensorcelled Hibernation
  1775 | D:3      | Noticed Jessica
  1779 | D:3      | Killed Jessica
  2145 | D:4      | Found a staircase to the Ecumenical Temple.
  2146 | D:4      | Found a glowing silver altar of Zin.
  2149 | D:4      | Noticed an angel
  2156 | Temple   | Entered the Ecumenical Temple
  2165 | Temple   | Became a worshipper of Uskayaw the Reveller
  2193 | D:4      | Found a shimmering altar of Xom.
  2265 | D:4      | Reached XP level 5. HP: 26/26 MP: 9/9
  2271 | D:4      | Reached * piety under Uskayaw
  2677 | D:4      | Found a sparkling altar of Nemelex Xobeh.
  2689 | D:4      | Found an iron altar of Okawaru.
  2967 | D:5      | Entered Level 5 of the Dungeon
  2975 | D:5      | Reached ** piety under Uskayaw
  3018 | D:5      | Reached XP level 6. HP: 30/30 MP: 10/10
  3065 | D:5      | Noticed a water moccasin
  3141 | D:4      | Reached skill level 5 in Dodging
  3142 | D:4      | Reached *** piety under Uskayaw
  3221 | D:5      | Reached XP level 7. HP: 34/34 MP: 8/11
  3259 | D:5      | Found a blossoming altar of Fedhas.
  3371 | D:5      | Reached **** piety under Uskayaw
  3613 | D:5      | Learned a level 3 spell: Swiftness
  3722 | D:6      | Noticed a steam dragon
  3873 | D:6      | Found a sacrificial altar of Ru.
  3917 | D:6      | Gained mutation: You have razor-sharp teeth. [Vine Stalker
                  | growth]
  3917 | D:6      | Reached XP level 8. HP: 33/38 MP: 7/12
  4588 | D:7      | Reached skill level 5 in Fighting
  4818 | D:7      | Reached XP level 9. HP: 26/48 MP: 8/13
  4901 | D:7      | Reached skill level 4 in Long Blades
  5038 | D:7      | Reached skill level 5 in Long Blades
  5358 | D:7      | Reached skill level 6 in Long Blades
  5445 | D:7      | Found Yriunag's Magic Scroll Emporium.
  5602 | D:7      | Found a snail-covered altar of Cheibriados.
  5602 | D:7      | Found a burning altar of Makhleb.
  5728 | D:8      | Found a transporter.
  5732 | D:8      | Found a transporter.
  5732 | D:8      | Noticed Crownlay's ghost (novice GnNe)
  5734 | D:8      | Noticed a hornet
  5746 | D:8      | Noticed Maurice
  5763 | D:8      | Killed Maurice
  5764 | D:8      | Reached skill level 7 in Long Blades
  6183 | D:8      | Noticed a two-headed ogre
  6209 | D:8      | Killed a two-headed ogre
  6210 | D:8      | Reached skill level 8 in Long Blades
  6210 | D:8      | Reached XP level 10. HP: 48/53 MP: 12/14
  6318 | D:8      | Reached skill level 9 in Long Blades
  6326 | D:8      | Found a shimmering blue altar of Sif Muna.
  6604 | D:9      | Reached skill level 10 in Long Blades
  6616 | D:9      | Reached ***** piety under Uskayaw
  6754 | D:9      | Noticed a kobold demonologist
  6755 | D:9      | Noticed a rust devil
  6805 | D:9      | Noticed a rust devil
  7038 | D:9      | Killed a kobold demonologist
  7066 | D:9      | Reached skill level 11 in Long Blades
  7099 | D:9      | Found a staircase to the Lair.
  7216 | D:9      | Found Tiadwu Vask's Weapon Emporium.
  7339 | D:9      | Reached XP level 11. HP: 56/56 MP: 12/15
  7355 | D:9      | Reached skill level 12 in Long Blades
  7410 | D:10     | Entered Level 10 of the Dungeon
  7485 | D:10     | HP: 2/56 [orc warrior/+1 heavy glaive (24)]
  7681 | D:10     | Identified the ring of Bodily Harmony {Wiz rPois MP+9 SInv}
  7681 | D:10     | Noticed a tengu warrior
  7686 | D:10     | Noticed a wizard
  7792 | Lair:1   | Entered Level 1 of the Lair of Beasts
  7850 | Lair:1   | Reached skill level 13 in Long Blades
  8833 | Lair:2   | Found a frozen archway.
  8960 | Lair:2   | Found a staircase to the Swamp.
  8960 | Lair:2   | Noticed a bog body
  8975 | Lair:2   | Demolished by a bog body

Illustrated notes

Levels and vault maps discovered:
D:1:      co_arrival_random_square_maze, layout_loops_ring
D:2:      layout_loops_ring, skrybe_limestone_x
D:3:      kennysheep_slugbush, layout_loops_ring, tso_oasis_becter,
          minmay_stone_trees_small, uniq_jessica
D:4:      layout_gridville, grunt_temple_overflow_order_and_chaos_1,
          mainiacjoe_overflow_catwalk, nemelex_diamond_rough_becter,
          minmay_temple_entry_drinking_statues
D:5:      layout_rooms, mainiacjoe_overflow_brackets, kennysheep_small_circle
D:6:      layout_cave_pods, nicolae_ru_sacrificial_ziggurat
D:7:      layout_cave_pods, gammafunk_temple_overflow_wave, serial_shops, shop,
          serial_park, serial_park_tiny_pond, serial_park_square3
          [serial_park_minivault_5x5_8], serial_park_tiny_pond,
          serial_park_gazebo [serial_park_minivault_5x5_4], serial_park_tiny_2,
          serial_park_tiny_2, sigmund_edmund_badplayer
D:8:      layout_loops_ring, led_sif_book, gammafunk_ghost_hive, uniq_maurice
D:9:      layout_roguey, erik_lair_island, serial_shops,
          nicolae_shop_bloodbath_and_beyond
D:10:     hangedman_cross_cluster, layout_irregular_city
Temple:   nicolae_temple_no_exploring_needed
Lair:1:   wad_woods_04, layout_gridlike, serial_rivers,
          chequers_serial_rivers_micro_a, chequers_serial_rivers_small_b,
          chequers_serial_rivers_room_a, chequers_serial_rivers_micro_e,
          chequers_serial_rivers_micro_a
Lair:2:   layout_roguey, skrybe_swamp_entry_bodies,
          portal_ice_cave_entry_ice_simulacra, roderic_batcave,
          serial_bayou_shore_a

Skill      XL: |  1  2  3  4  5  6  7  8  9 10 11 |
---------------+----------------------------------+-----
Long Blades    | 2 3 8 11 13 | 13.6
Dodging        | 2 3 4 5 7 |  7.1
Fighting       | 6 |  6.1
Throwing       | |  0.8
Armour         | |  0.7
Spellcasting   | |  2.1
Translocations | |  3.0

Action                     |  1- 3 |  4- 6 |  7- 9 | 10-12 || total
---------------------------+-------+-------+-------+-------++-------
  Melee: Falchion          |    88 |    97 |   188 |   264 ||   637
         Bite              |    20 |    28 |    74 |   139 ||   261
         Punch             |     1 |       |     3 |     6 ||    10
         Dagger            |       |       |     4 |       ||     4
         Short sword       |       |       |       |    34 ||    34
  Throw: Boomerang         |       |       |     1 |       ||     1
   Cast: Vhi's Electric Ch |       |     1 |     1 |     4 ||     6
         Blink             |       |       |     1 |     1 ||     2
  Evoke: Wand              |       |       |     1 |     5 ||     6
    Use: Scroll            |       |       |       |    12 ||    12
   Stab: Sleeping          |     2 |     2 |     1 |     1 ||     6
         Paralysed         |       |     1 |     4 |     9 ||    14
         Invisible         |       |       |     2 |       ||     2
 Armour: Leather armour    |    22 |    27 |    19 |       ||    68
         Steam dragon scal |       |       |     5 |    55 ||    60
  Dodge: Dodged            |    42 |    88 |   151 |   165 ||   446

Table legend: (Time is in decaauts)
 A = Elapsed time spent in this place.
 B = Non-inter-level travel time spent in this place.
 C = Inter-level travel time spent in this place.
 D = Time resting spent in this place.
 E = Time spent auto-exploring this place.
 F = Levels seen in this place.
 G = Mean time per level.
                   A        B        C        D        E       F      G
               +--------+--------+--------+--------+--------+-----+--------+
         Total |   8965 |   8588 |    377 |    481 |   6324 |  13 |  689.6 |
       Dungeon |   7808 |   7548 |    260 |    481 |   5485 |  10 |  780.8 |
        Temple |     17 |      3 |     14 |      0 |      0 |   1 |   17.0 |
          Lair |   1139 |   1037 |    102 |      0 |    838 |   2 |  569.5 |
               +--------+--------+--------+--------+--------+-----+--------+

Top non-repeatable levels by time:
     D:8: 1047 daAuts
     D:7: 1041 daAuts
     D:6: 1005 daAuts
  Lair:1: 992 daAuts
     D:9: 862 daAuts
     D:4: 862 daAuts
     D:3: 820 daAuts
     D:1: 772 daAuts
     D:5: 619 daAuts
     D:2: 575 daAuts
    D:10: 202 daAuts
  Lair:2: 147 daAuts
  Temple: 17 daAuts
